 Dungeon Crawl Stone Soup version 0.27.0-1-g7a089689b8 (webtiles) character file.

Game seed: 11123699211505919903

152 nicksoapdish the Chopper (level 5, 0/46 (53) HPs)
             Began as a Troll Monk on Aug 5, 2021.
             Killed from afar by Sigmund (5 damage)
             ... with a puff of flame
             ... on level 3 of the Dungeon.
             The game lasted 00:05:19 (1407 turns).

nicksoapdish the Chopper (Troll Monk)               Turns: 1407, Time: 00:05:20

HP:   0/46 (53)     AC:  4    Str: 20    XL:     5   Next: 11%
MP:   4/4           EV: 10    Int:  6    God:
Gold: 62            SH:  0    Dex: 12    Spells: 4/4 levels left

rFire    . . .     SeeInvis .   h - +0 war axe
rCold    . . .     Faith    .   (no shield)
rNeg     . . .     Spirit   .   b - +0 robe
rPois    .         Reflect  .   (helmet restricted)
rElec    .         Harm     .   (no cloak)
rCorr    .         Rampage  .   (gloves unavailable)
Will     .....                  (boots unavailable)
Stlth    ++........             (no amulet)
HPRegen  1.15/turn              (no ring)
MPRegen  0.09/turn              (no ring)

@: heavily drained
A: large, unfitting armour, claws 3, regeneration 1, shaggy fur 1, tough skin 1
a: no special abilities


You were on level 3 of the Dungeon.
You visited 1 branch of the dungeon, and saw 3 of its levels.

You collected 62 gold pieces.

Inventory:

Hand Weapons
 a - a +0 hand axe
 h - a +0 war axe (weapon)
Missiles
 j - 2 atropa-tipped darts (quivered)
Armour
 b - a +0 robe (worn)
Wands
 g - a wand of polymorph (9)
Scrolls
 c - a scroll of teleportation
 d - a scroll of amnesia
 e - a scroll of holy word
 f - a scroll of immolation {unknown}
Potions
 i - 3 potions of degeneration {unknown}


   Skills:
 * Level 3.4 Fighting
 * Level 4.1 Axes
 - Level 2.4 Dodging
 - Level 1.0 Stealth


You had 4 spell levels left.
You didn't know any spells.
Your spell library was empty.

Dungeon Overview and Level Annotations

Branches:
Dungeon (3/15)

Altars:

Shops:
D:1 (

Annotations:
D:3 Sigmund


Innate Abilities, Weirdness & Mutations

You are too large for most types of armour.
You have claws for hands.
Your natural rate of healing is unusually fast.
You are covered in fur. (AC +1)
You have tough skin. (AC +1)


Message History

You are no longer poisoned.
A ball python comes into view.
The ball python hisses angrily.
You slash the ball python!
You kill the ball python!
You see here a ball python corpse.
Found a mace.
A ball python comes into view.
Sigmund the Dreaded comes into view.
He is wielding a +0 scythe.
Sigmund shouts!
An endoplasm comes into view.
A bat comes into view.
Sigmund mumbles some strange words.
Sigmund flickers and vanishes!
Deactivating autopickup; reactivate with Ctrl-A.
The bat moves out of view.
The endoplasm quivers.
You barely miss the endoplasm. The endoplasm freezes you.
You are frozen.
You hit the endoplasm.
The endoplasm is almost dead.
Something hits you.
The endoplasm hits you but does no damage.
Something hits you.
You slash the endoplasm!
You kill the endoplasm!
Something hits you. Something hits you!
You miss something. Something hits you!
You closely miss something.
You hear some strange, mumbled words.
A magic dart appears from out of thin air!
The magic dart hits you!
You hit something. Something hits you!
* * * LOW HITPOINT WARNING * * *
You hear some strange, mumbled words.
A puff of flame appears from out of thin air!
The puff of flame hits you.
You die...

.............<...####.#.#
................[.....#.#
......###'##+#........#.#
......# #.##)#........#.#
......#
#†##.#....†..##.######
#######
#..#.#................
#######.#.#........#.#####.
..............####.#.#
#######...###@# #.#)# ##..#
#{# #.#.# #..###.# #.#.#
#.>....# #.#.# #.J#####
#.#.. #..# ..# #..# ..#
...J. ........


There were no monsters in sight!

Vanquished Creatures
  Natasha (twice) (D:2)
  Robin (D:3)
  3 adders
  A worm (D:2)
  6 endoplasms
  3 giant cockroaches
  14 goblins
  6 hobgoblins
  4 kobolds
  2 quokkas
  6 ball pythons
  5 bats (D:1)
  3 frilled lizards
  3 rats
59 creatures vanquished.

Notes
Turn   | Place    | Note
-------+----------+-------------------------------------------
     0 | D:1      | nicksoapdish the Troll Monk began the quest for the Orb.
     0 | D:1      | Reached XP level 1. HP: 22/22 MP: 0/0
   133 | D:1      | Found Ruirucha's Antique Weapon Shop.
   182 | D:1      | Reached XP level 2. HP: 25/29 MP: 1/1
   437 | D:1      | Reached skill level 3 in Axes
   581 | D:1      | Reached XP level 3. HP: 36/36 MP: 2/2
   840 | D:2      | Noticed Natasha
   852 | D:2      | Killed Natasha
   960 | D:2      | Noticed Natasha
   973 | D:2      | Killed Natasha
   974 | D:2      | Reached XP level 4. HP: 9/45 MP: 3/3
  1248 | D:3      | Noticed Robin
  1269 | D:3      | Reached skill level 4 in Axes
  1269 | D:3      | Killed Robin
  1270 | D:3      | Reached XP level 5. HP: 33/45 MP: 4/4
  1388 | D:3      | Noticed Sigmund
  1407 | D:3      | Killed from afar by Sigmund

Illustrated notes

Levels and vault maps discovered:
D:1:      lightli_molten_gateway, layout_basic, serial_shops, shop
D:2:      layout_rooms, uniq_natasha
D:3:      layout_basic, uniq_grinder, uniq_robin, uniq_sigmund

Skill      XL: |  1  2  3  4 |
---------------+-------------+-----
Axes           | 3 4 |  4.1
Fighting       | 3 |  3.4
Dodging        | |  2.4
Stealth        | |  1.0

Action                   |  1- 3 |  4- 6 || total
-------------------------+-------+-------++-------
Melee: Hand axe          |   152 |    17 ||   169
       War axe           |       |    37 ||    37
  Use: Scroll            |     2 |     1 ||     3
 Stab: Sleeping          |     3 |       ||     3
Armor: Robe              |    55 |    26 ||    81
Dodge: Dodged            |    89 |    29 ||   118
